 Dungeon Crawl Stone Soup version 0.28.0-53-g5a82cb258f (webtiles) character file.

Game seed: 7204106689455885801

94 worthlessgem the Digger (level 4, -3/33 HPs)
             Began as a Formicid Earth Elementalist on Aug 22, 2022.
             Was a Follower of the Shining One.
             Slain by a water moccasin (5 damage)
             ... on level 6 of the Dungeon.
             The game lasted 00:14:54 (3754 turns).

worthlessgem the Digger (FoEE)                      Turns: 3754, Time: 00:14:55

Health: -3/33      AC:  4    Str: 12    XL:     4   Next: 94%
Magic:  6/9        EV: 12    Int: 17    God:    the Shining One [*.....]
Gold:   115        SH:  6    Dex: 11    Spells: 3/9 levels left

rFire   . . .      SeeInvis +   a - +1 trident (vorpal)
rCold   . . .      Faith    .   (no shield)
rNeg    . . .      Spirit   .   b - +0 robe
rPois   .          Reflect  .   (helmet unavailable)
rElec   .          Harm     .   (no cloak)
rCorr   .          Rampage  .   (no gloves)
Will    .....                   r - +1 pair of boots
Stlth   +.........              (no amulet)
HPRegen 0.11/turn               (no ring)
MPRegen 0.11/turn               (no ring)

@: lethally poisoned (-3 -> -10), divinely shielded, attractive, glowing
A: permanent stasis, dig shafts and tunnels, antennae 3, four strong arms
a: Dig, Shaft Self, Renounce Religion, Divine Shield


You were on level 6 of the Dungeon.
You worshipped the Shining One.
The Shining One was aware of your devotion.
You visited 1 branch of the dungeon, and saw 4 of its levels.

You collected 115 gold pieces.

Inventory:

Hand Weapons
 a - a +1 vorpal trident (weapon)
 q - a +1 dagger of electrocution
Missiles
 c - 11 stones
 k - 10 poisoned darts (quivered)
 p - 21 sling bullets
Armour
 b - a +0 robe (worn)
 d - a +0 ring mail
 f - a +0 leather armour
 r - a +1 pair of boots (worn)
Scrolls
 e - 2 scrolls of identify
 g - 3 scrolls of vulnerability {unknown}
 h - 2 scrolls of acquirement {unknown}
 j - a scroll of brand weapon {unknown}
 n - a scroll of noise {unknown}
 o - a scroll of fear {unknown}
 s - a scroll of enchant armour {unknown}
Potions
 i - a potion of brilliance


   Skills:
 + Level 1.7 Fighting
 + Level 2.3 Dodging
 - Level 2.4 Stealth
 * Level 3.4 Spellcasting
 + Level 0.3 Conjurations
 - Level 1.1 Transmutations
 + Level 4.2 Earth Magic


You had 3 spell levels left.
You knew the following spells:

 Your Spells              Type           Power      Damage    Failure   Level
a - Sandblast             Erth           34%        2d9       3%          1
b - Passwall              Tmut/Erth      10%        N/A       9%          2
c - Stone Arrow           Conj/Erth      20%        3d8       19%         3

Your spell library contained the following spells:

 Spells                   Type           Power      Damage    Failure   Level
 Petrify                  Tmut/Erth      12%        N/A       50%         4
 Fireball                 Conj/Fire      1%         3d3       99%         5
 Iskenderun's Battlesphe  Conj           4%         2d6       99%         5
 Conjure Ball Lightning   Conj/Air       1%         3x3d6     100%        6
 Orb of Destruction       Conj           2%         9d5       100%        7


Dungeon Overview and Level Annotations

Branches:
Dungeon (3/15)

Altars:
The Shining One

Annotations:
D:6 Dowan, Duvessa


Innate Abilities, Weirdness & Mutations

You cannot be hasted, slowed, berserked, paralysed or teleported.
You can dig through walls and to a lower floor.
You have a pair of large antennae on your head. (SInv)
Your four strong arms can wield two-handed weapons with a shield.


Message History

i - a potion of brilliance Dowan casts a spell.
Dowan blinks!
Duvessa hits you with a +0 short sword!
Okay, then.
Casting: Stone Arrow (quite dangerous; 19% risk of failure)
Confirm with . or Enter, or press ? or * to list all spells.
Okay, then.
The water moccasin bites you.
Casting: Stone Arrow (quite dangerous; 19% risk of failure)
Confirm with . or Enter, or press ? or * to list all spells.
Aiming: Passwall (safe; 9% risk of failure)
Press: ? - help, Dir - move target A rock wall.
This square is lit by a halo.
This rock feels extremely deep.
The water moccasin barely misses you. The water moccasin bites you.
Unknown command.
Casting: Passwall (safe; 9% risk of failure)
Confirm with . or Enter, or press ? or * to list all spells.
Aiming: Passwall (safe; 9% risk of failure)
Press: ? - help, Dir - move target, f - you Please select a wall.
This square is lit by a halo.
Okay, then.
Okay, then.
It was a potion of magic.
Magic courses through your body. The water moccasin bites you!
* * * LOW HITPOINT WARNING * * *
You are lethally poisoned!
The water moccasin poisons you!
It was a potion of attraction.
You feel attractive to monsters.
* * * LOW HITPOINT WARNING * * *
You feel very sick. The water moccasin closely misses you.
Dowan says, "Stay away from my face!"
A divine shield forms around you!
* * * LOW HITPOINT WARNING * * *
You feel sick. The water moccasin bites you.
You die...

#.#.#......
###.#.#...... #........
......'....# #........
###.#.#....# #........
#.#.#....# +........
###.#.# ...# #........
......# #.## #........
###.#####.######........
#.............@.......
#######.#####S#######.
............ee#
###...#.#####.#
'...+..{ยง=......... #{.
#######.####### #5. #.#
#. #.# #. #.#


You could see Duvessa, a water moccasin and Dowan.

Vanquished Creatures
  2 adders (D:3)
  2 worms (D:3)
  A dart slug (D:2)
  8 orcs
  2 bats (D:2)
  3 endoplasms
  4 giant cockroaches
  7 goblins
  7 hobgoblins
  A jackal (D:3)
  2 quokkas
  3 ball pythons
  3 frilled lizards
  4 kobolds
  8 rats
57 creatures vanquished.

Notes
Turn   | Place    | Note
-------+----------+-------------------------------------------
     0 | D:1      | worthlessgem the Formicid Earth Elementalist began the
                  | quest for the Orb.
     0 | D:1      | Reached XP level 1. HP: 13/13 MP: 3/3
   665 | D:1      | Found a faded altar of an unknown god.
   668 | D:1      | Prayed at the altar of an unknown god.
   668 | D:1      | Became a worshipper of the Shining One
   668 | D:1      | Reached * piety under the Shining One
   984 | D:1      | Reached XP level 2. HP: 20/20 MP: 3/5
  1986 | D:2      | Reached skill level 1 in Fighting
  1992 | D:2      | Reached XP level 3. HP: 26/26 MP: 7/7
  2156 | D:2      | Reached skill level 4 in Earth Magic
  2748 | D:3      | Reached XP level 4. HP: 12/32 MP: 1/8
  2758 | D:3      | Learned a level 2 spell: Passwall
  2762 | D:3      | Learned a level 3 spell: Stone Arrow
  3685 | D:3      | You fall into a shaft and drop 3 floors!
  3746 | D:6      | Noticed Duvessa
  3746 | D:6      | Noticed Dowan
  3746 | D:6      | Noticed a water moccasin
  3754 | D:6      | Slain by a water moccasin

Illustrated notes

Levels and vault maps discovered:
D:1:      saegor_arrival_under_anarchy, layout_basic, basic_ecumenical_altar,
          chequers_serial_rivers_micro_b
D:2:      layout_basic
D:3:      minmay_thinvault, layout_basic, st_stairs_7,
          chequers_serial_rivers_marsh, due_unseen_surprise, uniq_terence
D:6:      layout_basic, portal_sewer_entry_d, minmay_lizard_king, uniq_duvessa

Skill      XL: |  1  2  3 |
---------------+----------+-----
Dodging        | 2 |  2.3
Fighting       | 1 |  1.7
Earth Magic    | 4 |  4.2
Spellcasting   | 3 |  3.4
Stealth        | |  2.4
Conjurations   | |  0.3
Transmutations | |  1.1

Action                   |  1- 3 |  4- 6 || total
-------------------------+-------+-------++-------
Melee: Short sword       |   106 |    14 ||   120
       Unarmed           |     8 |       ||     8
       Punch             |     1 |       ||     1
       Trident           |       |    27 ||    27
Throw: Dart              |     1 |     2 ||     3
 Cast: Sandblast         |    20 |     3 ||    23
       Stone Arrow       |       |     3 ||     3
       Passwall          |       |     1 ||     1
Invok: Divine Shield     |       |     1 ||     1
  Use: Potion            |       |     2 ||     2
       Scroll            |       |     1 ||     1
 Stab: Sleeping          |     1 |       ||     1
Armor: Ring mail         |    29 |     3 ||    32
       Robe              |     1 |     2 ||     3
Dodge: Dodged            |    61 |    12 ||    73
